 Dungeon Crawl Stone Soup version 0.23.2-1-ga50397a (webtiles) character file.

Game seed: 8817627594975927358

652 Goblin1989 the Covert (level 7, 0/56 HPs)
             Began as a Gnoll Assassin on May 13, 2019.
             Was a Follower of Makhleb.
             Slain by an orc
             ... wielding a +0 flail
              (8 damage)
             ... on level 6 of the Dungeon.
             The game lasted 00:08:39 (7041 turns).

Goblin1989 the Covert (Gnoll Assassin)              Turns: 7041, Time: 00:08:40

Health: 0/56       AC:  3    Str: 13    XL:     7   Next: 54%
Magic:  10/10      EV: 14    Int: 13    God:    Makhleb [*.....]
Gold:   285        SH:  0    Dex: 19    Spells: 11/11 levels left

rFire    . . .     SeeInvis .   a - +2 dagger
rCold    . . .     Gourm    .   (no shield)
rNeg     . . .     Faith    .   c - +0 robe
rPois    .         Spirit   .   (no helmet)
rElec    .         Reflect  .   d - +0 cloak
rCorr    .         Harm     .   (no gloves)
MR       .....                  (no boots)
Stlth    ++++......             (no amulet)
HPRegen  0.18/turn              (no ring)
MPRegen  0.12/turn              (no ring)

@: no status effects
A: distributed training, fangs 1, strong nose
a: Renounce Religion


You were on level 6 of the Dungeon.
You worshipped Makhleb.
Makhleb was aware of your devotion.
You were not hungry.

You visited 1 branch of the dungeon, and saw 6 of its levels.

You collected 285 gold pieces.

Inventory:

Hand Weapons
 a - a +2 dagger (weapon)
 w - a +0 blowgun {@w1}
 V - a +0 flail of protection
 Z - a +0 rapier
Missiles
 f - 8 curare-tipped needles
 g - 29 poisoned needles
 D - 32 arrows
 H - 205 stones (quivered) {@Q3}
 Q - 3 javelins of penetration {@Q2}
Armour
 c - a +0 robe (worn)
 d - a +0 cloak (worn)
 O - a +2 helmet
Jewellery
 z - an uncursed ring of ice {unknown}
Scrolls
 y - 2 scrolls of fear {unknown}
 A - a scroll of noise {unknown}
 C - 2 scrolls of remove curse {unknown}
 F - 2 scrolls of amnesia {unknown}
 I - a scroll of random uselessness {unknown}
 J - a scroll of immolation {unknown}
 L - 3 scrolls of enchant weapon {unknown}
 P - 2 scrolls of magic mapping {unknown}
 R - 4 scrolls of identify {unknown}
 S - a scroll of blinking {unknown}
 U - 5 scrolls of teleportation {unknown}
Potions
 v - 2 potions of flight {unknown}
 x - a potion of might {unknown}
 B - 2 potions of heal wounds {unknown}
 E - a potion of agility {unknown}
 K - a potion of curing {unknown}
 M - 2 potions of degeneration {unknown}
 N - 3 potions of lignification {unknown}
 T - a potion of invisibility {unknown}
 W - 3 potions of berserk rage {unknown}
 X - a potion of ambrosia {unknown}
 Y - a potion of mutation {unknown}
Comestibles
 e - 5 rations
 G - 3 chunks of flesh


   Skills:
 + Level 5.2 Fighting
 + Level 5.2 Short Blades
 + Level 2.5 Long Blades
 + Level 2.5 Axes
 + Level 2.5 Maces & Flails
 + Level 2.5 Polearms
 + Level 2.5 Staves
 + Level 2.5 Slings
 + Level 2.5 Bows
 + Level 2.5 Crossbows
 + Level 5.2 Throwing
 + Level 2.5 Armour
 + Level 3.6 Dodging
 + Level 8.2 Stealth
 + Level 2.5 Shields
 + Level 2.5 Unarmed Combat
 + Level 2.5 Spellcasting
 + Level 2.0 Conjurations
 + Level 2.0 Hexes
 + Level 2.0 Charms
 + Level 2.0 Summonings
 + Level 2.0 Necromancy
 + Level 2.0 Translocations
 + Level 2.0 Transmutations
 + Level 2.0 Fire Magic
 + Level 2.0 Ice Magic
 + Level 2.0 Air Magic
 + Level 2.0 Earth Magic
 + Level 2.0 Poison Magic
 + Level 2.8 Invocations
 + Level 2.5 Evocations


You had 11 spell levels left.
You didn't know any spells.
Your spell library was empty.

Dungeon Overview and Level Annotations

Branches:
Dungeon (6/15)             Temple (0/1) D:5

Altars:
Ashenzari
Gozag
Makhleb
Okawaru
Qazlal
Ru

Shops:
D:3 *   D:5 [

Annotations:
D:5 3 runed translucent doors, Aske's ghost, novice MiGl


Innate Abilities, Weirdness & Mutations

Your experience applies equally to all skills.
You have very sharp teeth.
Your uncanny sense of smell can sniff out nearby items.


Message History

The orc closely misses you.
You barely miss the orc priest.
The orc priest is moderately wounded.
The orc priest hits you but does no damage.
You closely miss the orc priest.
You bite the orc priest, but do no damage.
The orc priest is moderately wounded.
The orc closely misses you. The orc priest closely misses you.
You hit the orc priest.
The orc priest is moderately wounded.
The orc misses you.
You hit the orc priest. Your bite misses the orc priest.
The orc priest is heavily wounded.
The orc priest barely misses you.
You hit the orc priest but do no damage.
The orc priest is heavily wounded.
The orc hits you but does no damage. The orc priest barely misses you.
You barely miss the orc priest.
You punch the orc priest, but do no damage.
You bite the orc priest, but do no damage.
The orc priest is heavily wounded.
The orc closely misses you. The orc priest misses you.
You hit the orc priest. Your punch misses the orc priest.
The orc priest is heavily wounded.
You closely miss the orc priest.
The orc priest is heavily wounded.
The orc priest invokes the aid of Beogh against you.
You struggle to resist.
The orc misses you.
You hit the orc priest but do no damage.
You bite the orc priest, but do no damage.
The orc priest is heavily wounded.
The orc priest calls down the wrath of Beogh upon you.
Pain shoots through your body!
* * * LOW HITPOINT WARNING * * *
You are too injured to fight recklessly!
You are too injured to fight recklessly!
You take 12 damage, and have 25/56 hp.
MASSIVE DAMAGE!!
You are too injured to fight recklessly!
You are too injured to fight recklessly!
You are too injured to fight recklessly!
You closely miss the orc priest.
The orc priest is heavily wounded.
The orc closely misses you.
You closely miss the orc priest.
The orc priest is heavily wounded.
The orc priest hits you with a +0 falchion.
* * * LOW HITPOINT WARNING * * *
The orc hits you with a +0 flail.
* * * LOW HITPOINT WARNING * * *
You take 5 damage, and have 20/56 hp.
You closely miss the orc priest.
The orc priest is heavily wounded.
The orc priest closely misses you.
You hit the orc priest but do no damage.
The orc priest is heavily wounded.
The orc barely misses you.
You barely miss the orc priest. Your bite misses the orc priest.
The orc priest is heavily wounded.
The orc priest miscasts a cantrip.
You hit the orc priest but do no damage.
The orc priest is heavily wounded.
The orc closely misses you. The orc priest misses you.
You hit the orc priest but do no damage.
The orc priest is heavily wounded.
The orc misses you.
You barely miss the orc priest. Your punch misses the orc priest.
The orc priest is heavily wounded.
The orc priest barely misses you.
You hit the orc priest but do no damage.
Your bite misses the orc priest.
The orc priest is heavily wounded.
The orc hits you but does no damage.
The orc priest mumbles some strange prayers to Beogh against you.
You struggle to resist.
You hit the orc priest but do no damage.
You bite the orc priest.
The orc priest is heavily wounded.
The orc priest hits you with a +0 falchion.
* * * LOW HITPOINT WARNING * * *
The orc closely misses you.
You take 5 damage, and have 16/56 hp.
You hit the orc priest but do no damage.
Your bite misses the orc priest.
The orc priest is heavily wounded.
You hit the orc priest.
The orc priest is almost dead.
The orc priest hits you with a +0 falchion!
* * * LOW HITPOINT WARNING * * *
The orc closely misses you.
You take 9 damage, and have 7/56 hp.
You hit the orc priest.
You kill the orc priest!
Makhleb accepts your kill. The orc closely misses you.
Things that are here:
a +0 falchion; a +0 leather armour The orc hits you but does no damage.
You see here 16 arrows.
You closely miss the orc. The orc hits you with a +0 flail!
You die...

........ ....... ██
█. █..... .. █.█
█..... █. .. █
█..... █.
█.████..█..... █.
..██.....<...
█.█████.████.█████.
∆
█.@)....████▲█████.
██.o).█..█.........
█.██.██.█.........
█.██.██...........
█.██.███..........
█..█.█ █..........
...█.█ █..........
██...█ ██.........
∆ .........██


You could see an orc.

Vanquished Creatures
  2 ogres
  2 hounds
  2 orc priests
  An orc wizard (D:5)
  3 worker ants
  An iguana (D:4)
  A hound skeleton (D:5)
  Robin (D:2)
  3 gnolls (D:4)
  7 adders
  2 oozes
  2 adder skeletons
  2 worms
  3 dart slugs
  6 leopard geckos
  5 orcs
  8 giant cockroaches
  17 goblins
  8 hobgoblins
  7 jackals
  2 quokkas
  2 ball pythons
  2 bats
  7 frilled lizards
  6 kobolds
  7 rats
109 creatures vanquished.

Vanquished Creatures (others)
  A fungus (D:5)
  3 plants (D:5)
4 creatures vanquished.

Grand Total: 113 creatures vanquished

Notes
Turn   | Place    | Note
-------+----------+-------------------------------------------
     0 | D:1      | Goblin1989 the Gnoll Assassin began the quest for the Orb.
     0 | D:1      | Reached XP level 1. HP: 20/20 MP: 1/1
   168 | D:1      | Reached XP level 2. HP: 21/26 MP: 2/2
   579 | D:1      | Reached XP level 3. HP: 31/31 MP: 3/3
  1499 | D:2      | Reached skill level 1 in Invocations
  1590 | D:2      | Reached skill level 1 in Long Blades
  1590 | D:2      | Reached skill level 1 in Axes
  1590 | D:2      | Reached skill level 1 in Maces & Flails
  1590 | D:2      | Reached skill level 1 in Polearms
  1590 | D:2      | Reached skill level 1 in Staves
  1590 | D:2      | Reached skill level 1 in Slings
  1590 | D:2      | Reached skill level 1 in Bows
  1590 | D:2      | Reached skill level 1 in Crossbows
  1590 | D:2      | Reached skill level 1 in Armour
  1590 | D:2      | Reached skill level 1 in Shields
  1590 | D:2      | Reached skill level 1 in Unarmed Combat
  1590 | D:2      | Reached skill level 1 in Spellcasting
  1590 | D:2      | Reached skill level 1 in Evocations
  1640 | D:2      | Noticed Robin
  1654 | D:2      | Reached XP level 4. HP: 35/38 MP: 5/5
  1698 | D:2      | Killed Robin
  2118 | D:2      | Reached skill level 1 in Conjurations
  2118 | D:2      | Reached skill level 1 in Hexes
  2118 | D:2      | Reached skill level 1 in Charms
  2118 | D:2      | Reached skill level 1 in Summonings
  2118 | D:2      | Reached skill level 1 in Necromancy
  2118 | D:2      | Reached skill level 1 in Translocations
  2118 | D:2      | Reached skill level 1 in Transmutations
  2118 | D:2      | Reached skill level 1 in Fire Magic
  2118 | D:2      | Reached skill level 1 in Ice Magic
  2118 | D:2      | Reached skill level 1 in Air Magic
  2118 | D:2      | Reached skill level 1 in Earth Magic
  2118 | D:2      | Reached skill level 1 in Poison Magic
  2480 | D:2      | Reached XP level 5. HP: 43/43 MP: 6/6
  2510 | D:2      | Found a burning altar of Makhleb.
  2518 | D:2      | Became a worshipper of Makhleb the Destroyer
  2599 | D:2      | Found a sacrificial altar of Ru.
  2876 | D:3      | Found a faded altar of an unknown god.
  3249 | D:3      | Found Gozag's Platinum Reserve.
  3254 | D:3      | Found an opulent altar of Gozag.
  3396 | D:3      | Found a shattered altar of Ashenzari.
  3984 | D:4      | Reached skill level 8 in Stealth
  4281 | D:4      | Noticed an ogre
  4303 | D:4      | Reached XP level 6. HP: 50/50 MP: 8/8
  4362 | D:4      | Reached skill level 5 in Fighting
  4362 | D:4      | Reached skill level 5 in Short Blades
  4362 | D:4      | Reached skill level 5 in Throwing
  4988 | D:4      | Found an iron altar of Okawaru.
  5013 | D:4      | Found a stormy altar of Qazlal.
  5840 | D:5      | Entered Level 5 of the Dungeon
  5864 | D:5      | Reached XP level 7. HP: 21/56 MP: 10/10
  6104 | D:5      | Found a runed translucent gate.
  6104 | D:5      | Found a runed translucent gate.
  6104 | D:5      | Identified the +5 short sword of Qurunecw {pain, rF+ Int+4}
  6105 | D:5      | Found a runed translucent gate.
  6107 | D:5      | Noticed Aske's ghost (novice MiGl)
  6264 | D:5      | Found Fapiliz's Armour Shoppe.
  6297 | D:5      | Found a staircase to the Ecumenical Temple.
  6520 | D:5      | Reached * piety under Makhleb
  7041 | D:6      | Slain by an orc

Skill      XL: |  1  2  3  4  5  6  7 |
---------------+----------------------+-----
Invocations    | 1 2 |  2.8
Long Blades    | 1 2 |  2.5
Axes           | 1 2 |  2.5
Maces & Flails | 1 2 |  2.5
Polearms       | 1 2 |  2.5
Staves         | 1 2 |  2.5
Slings         | 1 2 |  2.5
Bows           | 1 2 |  2.5
Crossbows      | 1 2 |  2.5
Armour         | 1 2 |  2.5
Shields        | 1 2 |  2.5
Unarmed Combat | 1 2 |  2.5
Spellcasting   | 1 2 |  2.5
Evocations     | 1 2 |  2.5
Conjurations   | 1 2 |  2.0
Hexes          | 1 2 |  2.0
Charms         | 1 2 |  2.0
Summonings     | 1 2 |  2.0
Necromancy     | 1 2 |  2.0
Translocations | 1 2 |  2.0
Transmutations | 1 2 |  2.0
Fire Magic     | 1 2 |  2.0
Ice Magic      | 1 2 |  2.0
Air Magic      | 1 2 |  2.0
Earth Magic    | 1 2 |  2.0
Poison Magic   | 1 2 |  2.0
Dodging        | 3 |  3.6
Stealth        | 8 |  8.2
Fighting       | 5 |  5.2
Short Blades   | 5 |  5.2
Throwing       | 5 |  5.2

Action                   |  1- 3 |  4- 6 |  7- 9 || total
-------------------------+-------+-------+-------++-------
Melee: Dagger            |    87 |   199 |   120 ||   406
       Bite              |     8 |    26 |    20 ||    54
       Punch             |       |     4 |     2 ||     6
 Fire: Blowgun           |       |     3 |       ||     3
 Stab: Sleeping          |    15 |    22 |     2 ||    39
       Distracted        |       |     1 |       ||     1
  Eat: Ration            |     1 |     1 |       ||     2
       Chunk             |       |     8 |     4 ||    12
Armor: Robe              |    17 |    21 |    18 ||    56
Dodge: Dodged            |    43 |   116 |    85 ||   244

Levels and vault maps discovered:
D:1:      psy_arrival_fountain, layout_basic
D:2:      layout_basic, nicolae_ru_the_path_less_chosen,
          makhleb_blood_cavern_becter, uniq_robin
D:3:      layout_loops_corners, nicolae_ashenzari_panopticon,
          chequers_ecumenical_altar_simple_redux,
          nicolae_gozag_zags_fifth_avenue
D:4:      layout_layer_cave, grunt_qazlal_sundering, first_ration,
          okawaru_metal_pillars_3
D:5:      layout_basic, minmay_temple_entry_antechambers,
          gammafunk_ghost_nasty_kobolds, serial_shops, shop,
          hangedman_glass_teeth
D:6:      layout_basic, marbit_many_paths, kennysheep_diamond,
          minmay_gold_behind_fungi, minmay_divided_ellipse
